 Dungeon Crawl Stone Soup version 0.31.0-11-ge490571c62 (webtiles) character file.

Game seed: 12602189545180264453

256 Gadfly the Ruffian (level 5, -5/50 HPs)
             Began as a Troll Shapeshifter on Jan 28, 2024.
             Was an Initiate of Ru.
             Slain by a gnoll
             ... wielding a +0 club
             ... led by a gnoll bouda
              (7 damage)
             ... on level 4 of the Dungeon.
             The game lasted 00:04:05 (2452 turns).

Gadfly the Ruffian (Troll Shapeshifter)             Turns: 2452, Time: 00:04:06

Health: -5/50      AC:  9    Str: 22    XL:     5   Next: 92%
Magic:  4/4        EV: 10    Int:  6    God:    Ru [......]
Gold:   121        SH:  0    Dex: 11    Spells: 4/4 levels left

rFire   . .          .
                       - Unarmed
rCold   . . .        (no shield)
rNeg    . . .        a - +1 animal skin
rPois   .            (helmet currently unavailable)
rElec   .            (cloak currently unavailable)
rCorr   .            (gloves unavailable)
SInv    .            (boots unavailable)
Will    .....        (no amulet)
Stlth   +            l - +4 ring of protection
HPRegen 1.08/turn    (no ring)
MPRegen 0.09/turn

%: no passive effects
@: beast-form
A: beast (slay +2), large, unfitting armour, claws 3, regeneration 1, shaggy fur
1, tough skin 1
a: Begin Untransformation, Renounce Religion


You were on level 4 of the Dungeon.
You worshipped Ru.
Ru was noncommittal.
You were a hulking beast.
You visited 1 branch of the dungeon, and saw 4 of its levels.

You collected 121 gold pieces.

Inventory:

Missiles
 i - 2 throwing nets (quivered)
Armour
 a - a +1 animal skin (worn)
Jewellery
 l - a +4 ring of protection (left claw)
Talismans
 c - a beast talisman
 d - a flux talisman
Wands
 j - a wand of charming (7)
Scrolls
 e - a scroll of fear
Potions
 f - a potion of brilliance {unknown}
 h - a potion of invisibility {unknown}
 k - a potion of attraction {unknown}
 m - a potion of curing {unknown}


   Skills:
 * Level 2.4 Fighting
 * Level 2.9 Dodging
 + Level 3.6 Unarmed Combat
 * Level 1.9 Evocations
 + Level 3.5 Shapeshifting


You had 4 spell levels left.
You didn't know any spells.
Your spell library was empty.

Dungeon Overview and Level Annotations

Branches:
Dungeon (4/15)
 Temple: D:4-7

Altars:
Hepliaklqana
Kikubaaqudgha
Ru
Trog


Innate Abilities, Weirdness & Mutations

You are a hulking beast.
Your limbs bulge with bestial killing power. (Slay +2)
You are too large for most types of armour.
You have claws for hands.
Your natural rate of healing is unusually fast.
You are covered in fur. (AC +1)
You have tough skin. (AC +1)


Message History

You are too injured to fight recklessly!
You are too injured to fight recklessly!
You are too injured to fight recklessly!
You are too injured to fight recklessly!
You are too injured to fight recklessly!
You are too injured to fight recklessly!
Unknown command.
You smack the gnoll bouda!
You kill the gnoll bouda!
The gnoll hits you but does no damage. x3
The gnoll hits you from afar with a +0 halberd.
You cannot move.
You cannot move.
You closely miss the gnoll. The gnoll hits you but does no damage.
The gnoll hits you from afar with a +0 spear.
The gnoll hits you but does no damage.
You closely miss the gnoll.
The gnoll hits you from afar with a +0 halberd.
The gnoll hits you but does no damage. x3
You hit the gnoll.
The gnoll is moderately wounded.
The gnoll hits you from afar with a +0 halberd!
* * * LOW HITPOINT WARNING * * *
The gnoll hits you from afar with a +0 spear.
* * * LOW HITPOINT WARNING * * *
The gnoll hits you but does no damage.
The gnoll hits you from afar with a +0 spear.
* * * LOW HITPOINT WARNING * * *
You barely miss the gnoll.
The gnoll is moderately wounded.
You feel less wooden.
Your +1 animal skin unmelds from your body.
You turn into a hulking beast.
The gnoll hits you from afar with a +0 halberd!
* * * LOW HITPOINT WARNING * * *
The gnoll barely misses you.
The gnoll hits you from afar with a +0 spear.
* * * LOW HITPOINT WARNING * * *
The gnoll hits you with a +0 club!
You die...

......P........
#..............
.............P
....P...P...P .
#........... ..
#........... ...##
#....).P....
.....##..gh.......
......##..).......
.......#ggg.......
.......<...P......
................P.
..................
..................
..............P...
.................


You could see 4 gnolls.

Vanquished Creatures
  Edmund (D:4)
  A gnoll bouda (D:4)
  4 gnolls (D:3)
  2 adders
  A dart slug (D:1)
  A ribbon worm (D:3)
  5 endoplasms
  3 giant cockroaches
  5 hobgoblins
  4 jackals (D:2)
  2 quokkas
  3 ball pythons
  7 bats
  4 frilled lizards
  5 goblins
  4 kobolds
  2 rats
54 creatures vanquished.

Notes
Turn   | Place    | Note
-------+----------+-------------------------------------------
     0 | D:1      | Gadfly the Troll Shapeshifter began the quest for the Orb.
     0 | D:1      | Reached XP level 1. HP: 18/18 MP: 0/0
   139 | D:1      | Found a faded altar of an unknown god.
   190 | D:1      | Reached skill level 1 in Fighting
   338 | D:1      | Reached XP level 2. HP: 27/27 MP: 1/1
  1069 | D:2      | Found an ancient bone altar of Kikubaaqudgha.
  1114 | D:2      | Reached XP level 3. HP: 32/33 MP: 2/2
  1218 | D:2      | Reached skill level 1 in Evocations
  1684 | D:3      | Found a sacrificial altar of Ru.
  1695 | D:3      | Became a worshipper of Ru the Awakened
  1891 | D:3      | Reached XP level 4. HP: 41/41 MP: 3/3
  1963 | D:3      | Found a bloodstained altar of Trog.
  2089 | D:3      | Identified the +0 ring mail of the Fifty Demons {rF+ rN+
                  | Str+3}
  2144 | D:3      | Found a hazy altar of Hepliaklqana.
  2396 | D:4      | Noticed Edmund
  2423 | D:4      | Killed Edmund
  2424 | D:4      | Reached XP level 5. HP: 22/50 MP: 4/4
  2452 | D:4      | HP: 2/50 [gnoll/+0 spear[a gnoll bouda] (3)]
  2452 | D:4      | Slain by a gnoll

Illustrated notes

Levels and vault maps discovered:
D:1:      dpeg_arrival_three_smaller_balls, layout_basic, basic_ecumenical_altar
D:2:      layout_basic, basic_altar, lightli_corner_chamber
D:3:      layout_basic, mainiacjoe_overflow_cross_hatched,
          mainiacjoe_overflow_surrounded_room, mainiacjoe_overflow_chevrons
D:4:      layout_cave_pods, lemuel_tele_altar, temple_garden,
          minmay_misc_feat_cross, uniq_edmund, uniq_ijyb

Skill      XL: |  1  2  3  4 |
---------------+-------------+-----
Fighting       | 1 2 |  2.4
Dodging        | 2 |  2.9
Evocations     | 1 |  1.9
Unarmed Combat | |  3.6
Shapeshifting  | |  3.5

Action                     |  1- 3 |  4- 6 || total
---------------------------+-------+-------++-------
  Melee: Unarmed           |    81 |    55 ||   136
         Punch             |       |     1 ||     1
    Use: Scroll            |     5 |     2 ||     7
         Potion            |       |     1 ||     1
   Stab: Sleeping          |     1 |       ||     1
 Armour: Animal skin       |    42 |    27 ||    69
         Skin              |       |    43 ||    43
  Dodge: Dodged            |    41 |    28 ||    69
